 Dungeon Crawl Stone Soup version 0.30-b1-2-g02819fbbbe (webtiles) character file.

Game seed: 9763159285803404649

3651 sanka the Transmogrifier (level 10, -6/73 HPs)
             Began as a Merfolk Hexslinger on May 6, 2023.
             Was a Priest of Okawaru.
             Killed from afar by a steam dragon (17 damage)
             ... with a ball of steam
             ... on level 9 of the Dungeon.
             The game lasted 00:22:37 (8806 turns).

sanka the Transmogrifier (Merfolk Hexslinger)       Turns: 8806, Time: 00:22:38

Health: -6/73      AC:  5    Str: 12    XL:     10   Next: 12%
Magic:  10/13      EV: 15    Int: 14    God:    Okawaru [***...]
Gold:   491        SH:  0    Dex: 18    Spells: 3/11 levels left

rFire   . .          .
                       - Unarmed
rCold   . . .        (no shield)
rNeg    + . .        J - +2 robe {rN+}
rPois   +            (no helmet)
rElec   +            L - +0 cloak
rCorr   .            y - -1 pair of gloves "Ruyttewn" {rElec Str+2}
SInv    .            (no boots)
Will    .....        C - amulet of regeneration
Stlth   ++           r - ring of poison resistance
HPRegen 1.12/turn    D - ring of wizardry
MPRegen 0.13/turn

%: wizardry (x1)
@: slowed, very slow
A: (nimble swimmer 2), mertail
a: Renounce Religion, Heroism


You were on level 9 of the Dungeon.
You worshipped Okawaru.
Okawaru was most pleased with you.
You visited 2 branches of the dungeon, and saw 10 of its levels.

You collected 491 gold pieces.

Inventory:

Hand Weapons
 a - a +1 sling
 b - a +2 whip of draining
 f - a +2 dagger of venom
Missiles
 N - a throwing net {=f}
Armour
 y - the -1 pair of gloves "Ruyttewn" (worn) {rElec Str+2}
   (You found it on level 4 of the Dungeon)

   Str:       It affects your strength (+2).
   rElec:     It insulates you from electricity.
 G - +0 swamp dragon scales
 J - a +2 robe of positive energy (worn)
 L - a +0 cloak (worn)
Magical Staves
 t - a staff of fire
Jewellery
 r - a ring of poison resistance (left hand)
 s - a ring of magical power
 C - an amulet of regeneration (around neck)
 D - a ring of wizardry (right hand)
Wands
 c - a wand of mindburst (5)
 u - a wand of polymorph (6)
 z - a wand of paralysis (5)
 E - a wand of quicksilver (12)
 H - a wand of flame (19)
 Q - a wand of iceblast (1)
Scrolls
 e - 2 scrolls of noise {!r}
 g - 8 scrolls of teleportation {@r4}
 h - a scroll of torment {!r}
 i - 5 scrolls of poison {!r}
 k - 2 scrolls of immolation {unknown}
 n - 3 scrolls of enchant weapon {unknown}
 o - a scroll of magic mapping
 p - 3 scrolls of enchant armour
 w - a scroll of silence {unknown}
 A - 2 scrolls of fog
 B - 2 scrolls of blinking
 I - 2 scrolls of identify {@r1}
Potions
 d - 2 potions of attraction {unknown}
 j - 2 potions of brilliance {unknown}
 l - 4 potions of flight {unknown}
 m - 6 potions of curing {@q1}
 q - 2 potions of heal wounds {unknown}
 v - a potion of haste {unknown}
 x - 3 potions of berserk rage {unknown}
 F - a potion of lignification {unknown}
 K - a potion of magic {unknown}
 M - a potion of resistance {unknown}
 O - a potion of might {unknown}
 P - a potion of cancellation {unknown}


   Skills:
 - Level 4.7 Fighting
 - Level 1.5 Ranged Weapons
 - Level 6.2 Dodging
 - Level 10.0 Unarmed Combat
 - Level 1.0 Spellcasting
 - Level 3.0 Hexes
 - Level 10.0 Transmutations
 + Level 4.7 Invocations


You had 3 spell levels left.
You knew the following spells:

 Your Spells              Type           Power      Damage    Failure   Level
a - Slow                  Hex            36%        N/A       3%          1
b - Blade Hands           Tmut           14%        N/A       4%          5
c - Wereblood             Tmut           28%        N/A       1%          2

Your spell library contained the following spells:

 Spells                   Type           Power      Damage    Failure   Level
 Beastly Appendage        Tmut           56%        N/A       1%          1
 Sting                    Tmut/Pois      56%        1d5       1%          1
 Spider Form              Tmut/Pois      14%        N/A       4%          3
 Poisonous Vapours        Pois/Air       0%         N/A       16%         2
 Inner Flame              Hex/Fire       4%         N/A       16%         3
 Portal Projectile        Hex/Tloc       8%         N/A       16%         3
 Frozen Ramparts          Ice            0%         1d1       30%         3
 Ozocubu's Armour         Ice            0%         N/A       30%         3
 Ice Form                 Ice/Tmut       14%        N/A       13%         4
 Cause Fear               Hex            4%         N/A       28%         4
 Anguish                  Hex/Necr       2%         N/A       45%         4
 Olgreb's Toxic Radiance  Pois           0%         N/A       67%         4
 Metabolic Englaciation   Hex/Ice        2%         N/A       80%         5
 Enfeeble                 Hex            4%         N/A       100%        7
 Tukima's Dance           Hex            Unusable   N/A       N/A         3
 Summon Ice Beast         Ice/Summ       Unusable   N/A       N/A         4
 Simulacrum               Ice/Necr       Unusable   N/A       N/A         6

Dungeon Overview and Level Annotations

Branches:
Dungeon (9/15)             Temple (1/1) D:5            Lair (0/5) D:9
    Orc: D:9-12

Altars:
Cheibriados
Fedhas
Gozag
Nemelex Xobeh
Okawaru
Ru
Sif Muna
Trog
Vehumet
Wu Jian
Yredelemnul

Shops:
D:3 (   D:6 :*   D:8 *

Annotations:
D:3 1 runed translucent door, PanSaczeczos's ghost, amateur GrGl
D:8 3 runed translucent doors, windycow's ghost, novice BaHu


Innate Abilities, Weirdness & Mutations

((You are very nimble when in or above water. (Stealth+, EV+, Speed+++)))
Your lower body shifts to a powerful aquatic tail in water.


Message History

You barely miss the wraith.
The wraith is lightly damaged.
The wraith hits you!
You slice the wraith!!
The wraith is severely damaged.
The wraith hits you.
You slice the wraith!!
You destroy the wraith!
Okawaru accepts your kill.
You slash the steam dragon!
The steam dragon is moderately wounded.
Your hands revert to their normal proportions.
The -1 pair of gloves "Ruyttewn" {rElec Str+2} unmelds from your body.
The steam dragon breathes steam at you. The ball of steam hits you!
The steam dragon barely misses you. The steam dragon claws you.
You barely miss the steam dragon.
The steam dragon is moderately wounded.
You are engulfed in a cloud of scalding steam.
The steam dragon bites you!
* * * LOW HITPOINT WARNING * * *
The steam dragon claws you but does no damage.
You punch the steam dragon!
The steam dragon is heavily wounded.
You are engulfed in a cloud of scalding steam.
* * * LOW HITPOINT WARNING * * *
The steam dragon bites you.
* * * LOW HITPOINT WARNING * * *
The steam dragon claws you but does no damage.
Unknown command.
You feel better.
You are engulfed in a cloud of scalding steam.
* * * LOW HITPOINT WARNING * * *
The steam dragon barely misses you. The steam dragon closely misses you.
You hit the steam dragon but do no damage.
The steam dragon is heavily wounded.
You are engulfed in a cloud of scalding steam.
The steam dragon breathes steam at you. The ball of steam hits you!
You die...

##.####### ###+### #.*
**,,* *,**##** *>,** **
*,,,,..* *,,* *, **####'##*
####+####****, *,.......*
#.......#,,,+,
*,.......*####....^..+,***,
*,.......##..'.......#** *,
*,.......D@.##.......# *,
*,.......#####.......# *,
**'######* ###'##### **
*,,,,,* #..### *****,*
##...#### ***+*** ###....#
# *,,,,,* ####[# #
*,,,,,******#######'## #
*,,,,,+,,,,*.........###


You could see a steam dragon (catching breath).

Vanquished Creatures
  Pikel (D:9)
  Maggie (D:7)
  A shadow (D:9)
  A wraith (D:9)
  A wyvern (D:8)
  A water moccasin (D:6)
  A sky beast (D:6)
  An ice beast (D:5)
  2 black bears (D:8)
  An ogre (D:5)
  A centaur (D:9)
  A phantom (D:5)
  A kobold brigand (D:7)
  A bullfrog (D:9)
  3 scorpions
  12 wights
  3 electric eels (D:7)
  A howler monkey (D:9)
  A gnoll bouda (D:7)
  3 jellies
  Crazy Yiuf (D:5)
  5 orc priests
  2 hounds
  A sleepcap (D:5)
  3 iguanas
  2 orc wizards
  3 adders
  A shadow imp (D:7)
  2 white imps (D:5)
  2 ufetubi
  A worm (D:5)
  A dart slug (D:3)
  35 orcs
  5 ball pythons
  10 bats
  9 endoplasms
  2 giant cockroaches
  6 goblins
  11 hobgoblins
  2 jackals (D:1)
  14 kobolds
  2 quokkas
  2 frilled lizards (D:3)
  6 rats
166 creatures vanquished.

Vanquished Creatures (others)
  An orc wizard (D:5)
  3 fungi (D:3)
  2 plants (D:7)
6 creatures vanquished.

Grand Total: 172 creatures vanquished

Notes
Turn   | Place    | Note
-------+----------+-------------------------------------------
     0 | D:1      | sanka the Merfolk Hexslinger began the quest for the Orb.
     0 | D:1      | Reached XP level 1. HP: 15/15 MP: 2/2
   221 | D:1      | Reached XP level 2. HP: 22/22 MP: 3/3
   606 | D:1      | Reached XP level 3. HP: 27/27 MP: 4/4
  1541 | D:2      | Reached XP level 4. HP: 23/34 MP: 5/5
  1682 | D:3      | Noticed PanSaczeczos's ghost (amateur GrGl)
  1698 | D:3      | Found a runed translucent door.
  1725 | D:3      | Found a shimmering blue altar of Sif Muna.
  1911 | D:3      | Found a blossoming altar of Fedhas.
  2005 | D:3      | Found Qaremill's Antique Weapon Shop.
  2332 | D:4      | Noticed a scorpion
  2342 | D:4      | Killed a scorpion
  2343 | D:4      | Reached skill level 5 in Dodging
  2343 | D:4      | Reached XP level 5. HP: 33/42 MP: 6/6
  2477 | D:4      | Identified the -1 pair of gloves "Ruyttewn" {rElec Str+2}
  2601 | D:4      | Reached XP level 6. HP: 40/49 MP: 7/7
  3077 | D:5      | Entered Level 5 of the Dungeon
  3089 | D:5      | Learned a level 5 spell: Blade Hands
  3213 | D:5      | Reached XP level 7. HP: 55/55 MP: 8/8
  3317 | D:5      | Reached skill level 5 in Transmutations
  3343 | D:5      | Found a staircase to the Ecumenical Temple.
  3382 | Temple   | Entered the Ecumenical Temple
  3480 | Temple   | Became a worshipper of Warmaster Okawaru
  4317 | D:5      | Found a runed translucent door.
  4318 | D:5      | Noticed Crazy Yiuf
  4684 | D:6      | Reached * piety under Okawaru
  4685 | D:6      | Reached XP level 8. HP: 27/61 MP: 9/9
  4764 | D:6      | Found Rogutiot's Book Emporium.
  4928 | D:6      | Found Honieckeci's Neck Hole.
  5064 | D:6      | You fall into a shaft and drop 3 floors!
  5093 | D:9      | Noticed a shadow
  5098 | D:9      | Killed a shadow
  5222 | D:8      | Reached skill level 1 in Unarmed Combat
  5399 | D:8      | Noticed windycow's ghost (novice BaHu)
  5450 | D:8      | Reached skill level 10 in Transmutations
  5624 | D:8      | Found a runed translucent gate.
  5724 | D:7      | Noticed Maggie
  5736 | D:7      | Killed Maggie
  5737 | D:7      | Reached skill level 5 in Unarmed Combat
  5737 | D:7      | Reached XP level 9. HP: 31/66 MP: 4/10
  5786 | D:7      | Found a transporter.
  6029 | D:7      | Found a transporter.
  6244 | D:6      | Learned a level 2 spell: Wereblood
  6473 | D:6      | Reached ** piety under Okawaru
  6876 | D:7      | Found a sacrificial altar of Ru.
  7147 | D:5      | Killed Crazy Yiuf
  7848 | D:8      | Found a runed translucent gate.
  7848 | D:8      | Found a runed translucent gate.
  7902 | D:8      | Found Dereq's Assorted Antiques.
  8448 | D:9      | Reached skill level 10 in Unarmed Combat
  8571 | D:9      | Noticed Pikel
  8585 | D:9      | Killed Pikel
  8585 | D:9      | Reached *** piety under Okawaru
  8586 | D:9      | Reached XP level 10. HP: 56/73 MP: 5/13
  8806 | D:9      | Killed from afar by a steam dragon

Illustrated notes

Levels and vault maps discovered:
D:1:      wheals_arrival_linesprint, layout_loops_cross, minmay_cut_off
D:2:      layout_loops_ring, grunt_ministairs_13
D:3:      layout_rooms, mainiacjoe_overflow_paths,
          mainiacjoe_overflow_boulevard, serial_shops, shop,
          hellmonk_ghost_happy_afterlife, bh_walls_and_bars
D:4:      layout_cave_pools
D:5:      layout_basic, minmay_temple_entry_waves, uniq_crazy_yiuf_cottage
D:6:      layout_loops_cross, serial_shops, nicolae_shop_advertising_works
          [nicolae_subvault_shop_adworks], nicolae_shop_sticking_my_neck_out
D:7:      gammafunk_steamed_eel, layout_rooms, nicolae_ru_sacrificial_ziggurat,
          kennysheep_generic_room_7, uniq_maggie
D:8:      layout_basic, serial_shops, shop, gammafunk_ghost_icy
D:9:      layout_roguey, lair_entry_dummy, uniq_pikel
Temple:   dpeg_five_rooms_temple

Skill      XL: |  1  2  3  4  5  6  7  8  9 |
---------------+----------------------------+-----
Dodging        | 3 4 5 6 |  6.2
Fighting       | 2 3 4 |  4.7
Transmutations | 4 8 10 | 10.0
Unarmed Combat | 5 10 | 10.0
Invocations    | 4 |  4.7
Ranged Weapons | |  1.5
Spellcasting   | |  1.0
Hexes          | |  3.0

Action                     |  1- 3 |  4- 6 |  7- 9 | 10-12 || total
---------------------------+-------+-------+-------+-------++-------
  Melee: Whip              |    13 |   121 |   129 |       ||   263
         Glaive            |       |    11 |     7 |       ||    18
         Punch             |       |       |    10 |       ||    10
         Unarmed           |       |       |   118 |    11 ||   129
   Fire: Sling             |   151 |    24 |    34 |       ||   209
   Cast: Slow              |     2 |     2 |     1 |       ||     5
         Blade Hands       |       |       |    24 |     1 ||    25
         Wereblood         |       |       |     1 |       ||     1
 Invoke: Heroism           |       |       |     2 |       ||     2
Ability: End Transformatio |       |       |     1 |       ||     1
  Evoke: Wand              |       |       |     4 |       ||     4
    Use: Scroll            |       |       |     8 |       ||     8
         Potion            |       |       |     1 |     1 ||     2
   Stab: Sleeping          |       |     2 |     1 |       ||     3
 Armour: Robe              |    18 |    14 |    23 |     5 ||    60
  Dodge: Dodged            |    87 |   129 |   184 |     4 ||   404
